 Dungeon Crawl Stone Soup version 0.29.1-1-gd02db6906a (webtiles) character file.

Game seed: 10266749311514512777

84224 Ordine the Thaumaturge (level 15, -8/88 HPs)
             Began as a Deep Elf Conjurer on Sept 16, 2022.
             Was a High Priest of Vehumet.
             Killed by an exploding ball lightning (9 damage)
             ... on level 14 of the Dungeon.
             The game lasted 01:16:56 (30721 turns).

Ordine the Thaumaturge (Deep Elf Conjurer)         Turns: 30721, Time: 01:16:56

Health: -8/88      AC:  7    Str:  5    XL:     15   Next: 34%
Magic:  18/44      EV: 32    Int: 36    God:    Vehumet [*****.]
Gold:   1240       SH:  6    Dex: 13    Spells: 10/42 levels left

rFire   + + .      SeeInvis +   a - +10 quick blade (flame)
rCold   + . .      Faith    .   X - +1 buckler {rF+}
rNeg    . . .      Spirit   .   U - +0 robe {rC+ rF+}
rPois   .          Reflect  .   e - +0 helmet
rElec   .          Harm     .   H - +0 cloak
rCorr   .          Rampage  .   R - +1 pair of gloves "Hoomebot" {Str+3 Int+5}
Will    +....                   c - +0 pair of boots
Stlth   +++++.....              j - amulet of the acrobat
HPRegen 0.24/turn               y - ring of magical power
MPRegen 0.29/turn               O - ring of see invisible

@: acrobatic
A: mutation resistance 1, screaming 1, weak 1
a: Renounce Religion


You were on level 14 of the Dungeon.
You worshipped Vehumet.
Vehumet was extremely pleased with you.
You visited 3 branches of the dungeon, and saw 20 of its levels.
You also visited: Bailey.

You collected 2283 gold pieces.
You spent 1043 gold pieces at shops.

Inventory:

Hand Weapons
 a - a +10 quick blade of flaming (weapon)
 S - the +1 dagger of Demonkind {protect, rElec rF+}
   (You found it on level 2 of the Dungeon)

   It grants its wielder temporary protection when it strikes (+7 to AC).
   rF:        It protects you from fire.
   rElec:     It insulates you from electricity.
Armour
 c - a +0 pair of boots (worn)
 e - a +0 helmet (worn)
 o - a +1 leather armour of poison resistance
 H - a +0 cloak (worn)
 R - the +1 pair of gloves "Hoomebot" (worn) {Str+3 Int+5}
   (You found it on level 10 of the Dungeon)

   Str:       It affects your strength (+3).
   Int:       It affects your intelligence (+5).
 U - a +0 robe of resistance (worn)
 X - a +1 buckler of fire resistance (worn)
Magical Staves
 b - a staff of conjuration
Jewellery
 j - an amulet of the acrobat (around neck)
 y - a ring of magical power (left hand)
 K - a ring of resist corrosion
 O - a ring of see invisible (right hand)
 P - a ring of flight
 W - a ring of wizardry
Wands
 A - a wand of digging (15)
 M - a wand of roots (10)
Scrolls
 h - a scroll of enchant armour
 i - 2 scrolls of silence
 k - 8 scrolls of fear
 l - 3 scrolls of poison
 p - a scroll of torment
 s - 3 scrolls of vulnerability
 u - 6 scrolls of immolation
 w - 2 scrolls of enchant weapon
 x - 3 scrolls of fog
 C - 8 scrolls of teleportation
 E - 3 scrolls of blinking
 I - a scroll of summoning
 N - 3 scrolls of magic mapping
Potions
 d - 4 potions of resistance
 f - 5 potions of lignification
 m - 7 potions of magic
 n - 19 potions of curing
 q - 7 potions of flight
 t - 3 potions of cancellation
 z - 4 potions of haste
 B - 3 potions of brilliance
 F - 10 potions of heal wounds
 G - 3 potions of attraction
 L - 3 potions of might
 T - 3 potions of ambrosia
 V - a potion of invisibility


   Skills:
 + Level 8.1 Fighting
 - Level 8.0 Short Blades
 - Level 12.0 Dodging
 - Level 12.0 Stealth
 - Level 5.0 Shields
 + Level 14.4 Spellcasting
 + Level 13.2 Conjurations
 - Level 6.0 Translocations
 + Level 11.3 Fire Magic
 + Level 6.7 Air Magic


You had 10 spell levels left.
You knew the following spells:

 Your Spells              Type           Power      Damage    Failure   Level
a - Magic Dart            Conj           100%       1d8       0%          1
b - Searing Ray           Conj           100%       2d8       0%          2
c - Iskenderun's Mystic   Conj/Tloc      76%        2d15      1%          4
d - Fireball              Conj/Fire      42%        3d17      1%          5
e - Starburst             Conj/Fire      42%        6d12      1%          6
f - Ignition              Fire           41%        3d12      28%         8
g - Conjure Ball Lightni  Conj/Air       39%        3x3d13    1%          6

Your spell library contained the following spells:

 Spells                   Type           Power      Damage    Failure   Level
 Yara's Violent Unravell  Hex/Tmut       12%        3d7       13%         5
 Summon Small Mammal      Summ           100%       N/A       1%          1
 Dazzling Flash           Conj/Hex       100%       N/A       1%          3
 Gell's Gravitas          Tloc           62%        N/A       1%          3
 Mephitic Cloud           Conj/Pois/Air  65%        N/A       1%          3
 Swiftness                Air            65%        N/A       1%          3
 Teleport Other           Tloc           62%        N/A       1%          3
 Fulminant Prism          Conj/Hex       32%        3d16      1%          4
 Freezing Cloud           Conj/Ice/Air   32%        6-21      1%          5
 Irradiate                Conj/Tmut      32%        3d22      1%          5
 Call Imp                 Summ           25%        N/A       2%          2
 Ensorcelled Hibernation  Hex/Ice        50%        N/A       2%          2
 Passwall                 Tmut/Erth      20%        N/A       2%          2
 Sublimation of Blood     Necr           25%        N/A       2%          2
 Summon Lightning Spire   Summ/Air       50%        N/A       4%          4
 Call Canine Familiar     Summ           25%        N/A       5%          3
 Summon Guardian Golem    Hex/Summ       25%        N/A       5%          3
 Summon Forest            Summ/Tloc      23%        N/A       16%         5
 Cause Fear               Hex            12%        N/A       19%         4
 Petrify                  Tmut/Erth      25%        N/A       19%         4
 Dispersal                Tloc           31%        N/A       24%         6
 Eringya's Noxious Bog    Tmut/Pois      12%        N/A       54%         6
 Maxwell's Capacitive Co  Air            32%        ∞         86%         8
 Simulacrum               Ice/Necr       12%        N/A       96%         6
 Storm Form               Tmut/Air       25%        N/A       99%         7
 Dragon Form              Tmut           12%        N/A       100%        7
 Summon Hydra             Summ           12%        N/A       100%        7
 Dragon's Call            Summ           12%        N/A       100%        9
 Polar Vortex             Ice            12%        N/A       100%        9


Dungeon Overview and Level Annotations

Branches:
Dungeon (14/15)            Temple (1/1) D:5            Lair (5/5) D:8
  Swamp (0/4) Lair:3        Snake (0/4) Lair:3        Slime (0/5) Lair:4
    Orc (0/2) D:10         Vaults (0/5) D:14         Bailey (visited)

Altars:
Ashenzari
Cheibriados
Dithmenos
Elyvilon
Fedhas
Gozag
Hepliaklqana
Kikubaaqudgha
Makhleb
Nemelex Xobeh
Okawaru
Qazlal
Ru
Sif Muna
Trog
Uskayaw
Vehumet
Wu Jian
Xom
Yredelemnul
Zin
The Shining One
Jiyva

Shops:
D:1 [*(   D:2 [   D:4 *   D:14 *


Innate Abilities, Weirdness & Mutations

You are somewhat resistant to further mutation.
You occasionally shout uncontrollably at your foes.
You are weak. (Str -2)


Message History

The fireball explodes!
The fireball engulfs the green ugly thing!!
The green ugly thing is severely wounded.
The green ugly thing kicks you!
Okay, then.
Casting: Fireball (safe; 1% risk of failure)
Confirm with . or Enter, or press ? or * to list all spells.
You erupt in a blast of force!
The mystic blast hits the green ugly thing!!
You kill the green ugly thing!
Vehumet accepts your kill.
You feel your power returning.
Casting: Iskenderun's Mystic Blast (safe; 1% risk of failure)
Confirm with . or Enter, or press ? or * to list all spells.
You create some ball lightning! 3 ball lightnings come into view.
The red ugly thing gores your ball lightning!
Your ball lightning explodes!
The blast of lightning engulfs the red ugly thing!
The red ugly thing is moderately wounded.
The blast of lightning engulfs your ball lightning.
Your ball lightning completely resists.
The blast of lightning engulfs you!!
* * * LOW HITPOINT WARNING * * *
The blast of lightning engulfs your ball lightning.
Your ball lightning completely resists.
Vehumet accepts your kill.
You feel your power returning.
You feel a bit more experienced.
Your ball lightning explodes!
The blast of lightning engulfs your ball lightning.
Your ball lightning completely resists.
The blast of lightning engulfs the red ugly thing!!
The red ugly thing is severely wounded.
The blast of lightning engulfs you!
* * * LOW HITPOINT WARNING * * *
The blast of lightning engulfs the green ugly thing!!
The green ugly thing is severely wounded.
Your ball lightning explodes!
The blast of lightning engulfs you!
You die...

#.... ..##.##...
#.#...#>##.##...
#.....#.##.##...
#.#........)....
###.#####.######.#
#.........# #.
#......#### #.#
#.####.# #..
#@####.# ###
#...##.# ...#
#.#.##.# u..###
#.#u##.u u.§##.
#...u†uu... u.. #.
###.###.... u. #
... #.# .# #
#.##..#.##.# #.
#........<.####.


You could see 2 ugly things.

Vanquished Creatures
  Rupert (D:14)
  Frances (D:12)
  An orc warlord (Bailey)
  A dire elephant (Lair:5)
  6 hydras
  Erolcha (D:12)
  4 vault guards (D:14)
  3 boulder beetles
  A merfolk avatar (Lair:5)
  A two-headed ogre (D:12)
  2 centaur warriors
  A catoblepas (Lair:1)
  2 death knights
  8 death yaks (Lair:4)
  The ghost of mcbry74 the Cleaver, a novice MiFi of Trog (D:9)
  A tengu warrior (D:13)
  A sea snake (Lair:4)
  2 phantasmal warriors
  2 harpies (Lair:5)
  3 deep elf pyromancers
  11 ugly things
  2 wolf spiders (Lair:1)
  6 cyclopes
  6 manticores
  11 elephants
  Joseph (D:7)
  3 black mambas
  3 gargoyles
  4 rime drakes
  5 cane toads
  An unseen horror (D:11)
  7 komodo dragons
  3 tengu conjurers
  5 trolls
  2 polar bears (Lair:5)
  A tarantella (shapeshifter) (D:14)
  3 hornets
  13 slime creatures
  22 blink frogs
  5 dream sheep
  86 yaks
  4 wraiths
  2 shadows
  7 wyverns
  3 basilisks
  A steam dragon (Lair:5)
  7 vampire mosquitoes
  Edmund (D:6)
  A naga (Lair:3)
  An acid dragon (D:11)
  19 water moccasins
  A meliai simulacrum (D:14)
  A sky beast (D:7)
  2 ice beasts
  An ice beast (shapeshifter) (D:14)
  12 orc warriors
  4 black bears
  12 wolves
  6 centaurs
  2 ogres
  A phantom (D:4)
  2 kobold brigands
  10 bullfrogs
  3 gnoll sergeants
  6 necrophages
  2 scorpions
  10 wights
  6 killer bees
  7 electric eels (Lair:4)
  4 howler monkeys
  3 hounds
  4 orc priests
  A gnoll bouda (D:4)
  4 iguanas
  12 orc wizards
  16 gnolls
  3 adders
  A shadow imp (D:3)
  A white imp (D:7)
  2 ufetubi
  2 adder zombies (D:4)
  A worm (D:2)
  31 orcs
  3 endoplasms
  4 giant cockroaches
  9 hobgoblins
  5 jackals (D:1)
  27 kobolds
  A quokka (D:5)
  9 ball pythons
  6 bats
  A frilled lizard (D:2)
  7 goblins
  A rat (D:2)
535 creatures vanquished.

Vanquished Creatures (collateral kills)
  A ball lightning (D:14)
1 creature vanquished.

Vanquished Creatures (others)
  14 ball lightnings
  2 bushes (D:4)
  29 fungi
  74 plants
119 creatures vanquished.

Grand Total: 655 creatures vanquished

Notes
Turn   | Place    | Note
-------+----------+-------------------------------------------
     0 | D:1      | Ordine the Deep Elf Conjurer began the quest for the Orb.
     0 | D:1      | Reached XP level 1. HP: 10/10 MP: 6/6
    18 | D:1      | Found Nainamm's Assorted Antiques.
   111 | D:1      | Found Huisaf's Weapon Shop.
   389 | D:1      | Found a faded altar of an unknown god.
   432 | D:1      | Reached XP level 2. HP: 15/15 MP: 4/8
   455 | D:1      | Learned a level 2 spell: Searing Ray
   657 | D:1      | Found Sisef's Antique Armour Shop.
  1370 | D:2      | Identified the +1 dagger of Demonkind {protect, rElec rF+}
  1421 | D:2      | Found Icyvaytwoe's Antique Armour Boutique.
  1649 | D:2      | Reached XP level 3. HP: 19/19 MP: 7/9
  1964 | D:2      | Found Tosm's Distillery.
  2340 | D:3      | Found an ornate altar of the Wu Jian Council.
  2483 | D:3      | Reached skill level 5 in Conjurations
  2826 | D:3      | Found a sacrificial altar of Ru.
  2840 | D:3      | Reached XP level 4. HP: 24/24 MP: 3/11
  3030 | D:1      | Bought a scroll labelled BIETAZXUTYI for 25 gold pieces
  3030 | D:1      | Bought 2 lumpy blue potions for 45 gold pieces
  3030 | D:1      | Bought a bubbling orange potion for 22 gold pieces
  3030 | D:1      | Bought a brown potion for 22 gold pieces
  3239 | D:4      | Reached skill level 1 in Short Blades
  3534 | D:4      | Reached XP level 5. HP: 24/28 MP: 8/12
  3632 | D:4      | Learned a level 4 spell: Iskenderun's Mystic Blast
  3653 | D:4      | Reached skill level 4 in Spellcasting
  3821 | D:4      | Found Ykoucuv's Assorted Antiques.
  3890 | D:4      | Noticed an ogre
  3947 | D:4      | Killed an ogre
  3948 | D:4      | Reached XP level 6. HP: 32/32 MP: 14/14
  4238 | D:4      | Found a blossoming altar of Fedhas.
  4658 | D:4      | Reached XP level 7. HP: 28/36 MP: 12/16
  4681 | D:4      | Reached skill level 5 in Spellcasting
  4682 | D:4      | Reached skill level 5 in Stealth
  4853 | D:4      | Bought 2 scrolls labelled BIETAZXUTYI for 40 gold pieces
  4853 | D:4      | Bought a pink potion for 18 gold pieces
  4873 | D:5      | Entered Level 5 of the Dungeon
  5303 | D:5      | Found a staircase to the Ecumenical Temple.
  5312 | Temple   | Entered the Ecumenical Temple
  5563 | Temple   | Became a worshipper of Vehumet
  6097 | D:5      | Reached skill level 5 in Dodging
  6175 | D:5      | Reached XP level 8. HP: 41/41 MP: 18/18
  6811 | D:1      | Bought a scroll labelled OTZETA GIJO for 25 gold pieces
  6866 | D:2      | Bought a potion of curing for 30 gold pieces
  7275 | D:6      | Found a bloodstained altar of Trog.
  7276 | D:6      | Identified a scroll of acquirement
  7347 | D:6      | Acquired a +10 quick blade
  7455 | D:6      | Learned a level 5 spell: Fireball
  7507 | D:6      | Reached skill level 6 in Spellcasting
  7507 | D:6      | Reached skill level 1 in Fire Magic
  8001 | D:6      | Found a hazy altar of Hepliaklqana.
  8317 | D:6      | Noticed Edmund
  8329 | D:6      | Killed Edmund
  8981 | D:7      | Found a flagged portal.
  8991 | Bailey   | Entered a bailey
  9004 | Bailey   | Reached * piety under Vehumet
  9004 | Bailey   | Offered knowledge of Freeze by Vehumet.
  9024 | Bailey   | Noticed an orc warlord
  9128 | Bailey   | Reached XP level 9. HP: 45/45 MP: 20/20
  9340 | Bailey   | Found a runed translucent gate.
  9353 | Bailey   | Found a runed translucent gate.
  9354 | Bailey   | Found a runed translucent gate.
  9782 | Bailey   | Gained mutation: You possess an exceptional clarity of
                  | mind. [potion of mutation]
  9782 | Bailey   | Gained mutation: Armour fits poorly on your strangely
                  | shaped body. [potion of mutation]
  9815 | Bailey   | Killed an orc warlord
  9816 | Bailey   | Reached skill level 7 in Spellcasting
  9983 | Bailey   | Lost mutation: You possess an exceptional clarity of mind.
                  | [potion of mutation]
  9983 | Bailey   | Lost mutation: Armour fits poorly on your strangely shaped
                  | body. [potion of mutation]
  9983 | Bailey   | Gained mutation: You are resistant to electric shocks.
                  | (rElec) [potion of mutation]
  9983 | Bailey   | Gained mutation: You are clumsy. (Dex -2) [potion of
                  | mutation]
  9983 | Bailey   | Gained mutation: You do not regenerate when monsters are
                  | visible. [potion of mutation]
  9983 | Bailey   | Gained mutation: Your mind is acute. (Int +4, Str/Dex -1)
                  | [potion of mutation]
  9984 | Bailey   | Lost mutation: You do not regenerate when monsters are
                  | visible. [potion of mutation]
  9984 | Bailey   | Lost mutation: You are clumsy. (Dex -2) [potion of
                  | mutation]
  9984 | Bailey   | Lost mutation: Your mind is acute. (Int +4, Str/Dex -1)
                  | [potion of mutation]
  9984 | Bailey   | Gained mutation: You are dopey. (Int -2) [potion of
                  | mutation]
  9984 | Bailey   | Gained mutation: You are agile. (Dex +4, Str/Int -1)
                  | [potion of mutation]
  9985 | Bailey   | Lost mutation: You are resistant to electric shocks.
                  | (rElec) [potion of mutation]
  9985 | Bailey   | Lost mutation: You are agile. (Dex +4, Str/Int -1) [potion
                  | of mutation]
  9985 | Bailey   | Lost mutation: You are dopey. (Int -2) [potion of mutation]
  9985 | Bailey   | Gained mutation: You occasionally lose the ability to drink
                  | potions when taking damage. [potion of mutation]
  9986 | Bailey   | Reached skill level 9 in Spellcasting
  9986 | Bailey   | Reached skill level 5 in Fire Magic
  9986 | Bailey   | Reached XP level 10. HP: 56/56 MP: 25/25
 10180 | D:7      | Acquired the +8 orange crystal plate armour {Archmagi,
                  | Int+3 Clar}
 10180 | D:7      | Found the +8 orange crystal plate armour {Archmagi, Int+3
                  | Clar}
 10297 | D:7      | Noticed Joseph
 10380 | D:7      | Found a shimmering blue altar of Sif Muna.
 11144 | D:7      | Killed Joseph
 11422 | D:7      | Reached skill level 5 in Translocations
 11708 | D:8      | Reached ** piety under Vehumet
 11708 | D:8      | Offered knowledge of Foxfire by Vehumet.
 11709 | D:8      | Reached XP level 11. HP: 60/60 MP: 26/26
 12124 | D:8      | Reached skill level 1 in Shields
 12582 | D:8      | Found a staircase to the Lair.
 12816 | D:9      | Found a transporter.
 12818 | D:9      | Found a transporter.
 12833 | D:9      | Found a snail-covered altar of Cheibriados.
 12834 | D:9      | Noticed mcbry74's ghost (novice MiFi)
 12851 | D:9      | Reached skill level 10 in Conjurations
 13080 | D:8      | Offered knowledge of Scorch by Vehumet.
 13255 | D:9      | Found an opulent altar of Gozag.
 14075 | D:10     | Entered Level 10 of the Dungeon
 14088 | D:10     | Found a staircase to the Orcish Mines.
 14095 | D:9      | Reached skill level 10 in Spellcasting
 14191 | D:10     | Found a shimmering altar of Xom.
 14205 | D:10     | Reached *** piety under Vehumet
 14362 | D:10     | Learned a level 6 spell: Starburst
 14362 | D:10     | Acquired 908 gold pieces
 14506 | D:10     | Identified the +1 pair of gloves "Hoomebot" {Str+3 Int+5}
 14829 | D:2      | Bought a potion of brilliance for 40 gold pieces
 14829 | D:2      | Bought a potion of curing for 30 gold pieces
 14829 | D:2      | Bought a potion of lignification for 30 gold pieces
 14829 | D:2      | Bought a potion of curing for 30 gold pieces
 14829 | D:2      | Bought a potion of ambrosia for 80 gold pieces
 14867 | D:2      | Bought a runed robe for 88 gold pieces
 14942 | D:1      | Bought a pair of boots for 94 gold pieces
 15046 | D:4      | Bought a wand of flame (11) for 154 gold pieces
 15046 | D:4      | Bought a pair of runed gloves for 150 gold pieces
 15136 | D:1      | Bought a wand of paralysis (2) for 120 gold pieces
 15944 | D:11     | Offered knowledge of Ignite Poison by Vehumet.
 16234 | D:11     | Noticed a green ugly thing
 16237 | D:11     | Killed a green ugly thing
 16288 | D:11     | Noticed a white ugly thing
 16295 | D:11     | Killed a white ugly thing
 16843 | Lair:1   | Entered Level 1 of the Lair of Beasts
 16992 | Lair:1   | Noticed a wolf spider
 16993 | Lair:1   | Noticed a wolf spider
 16995 | Lair:1   | Killed a wolf spider
 16996 | Lair:1   | Reached XP level 12. HP: 67/67 MP: 19/28
 18032 | Lair:1   | You fall into a shaft and drop 1 floor!
 18069 | Lair:2   | Reached skill level 5 in Fighting
 18299 | Lair:1   | Reached skill level 11 in Spellcasting
 18300 | Lair:1   | Reached **** piety under Vehumet
 18302 | Lair:1   | Noticed a catoblepas
 18304 | Lair:1   | Killed a catoblepas
 18361 | Lair:1   | Offered knowledge of Conjure Flame by Vehumet.
 18904 | Lair:2   | Noticed a six-headed hydra
 18908 | Lair:2   | Killed a six-headed hydra
 18909 | Lair:2   | Reached skill level 10 in Stealth
 19321 | Lair:2   | Noticed a four-headed hydra
 19325 | Lair:2   | Killed a four-headed hydra
 19511 | Lair:2   | Reached skill level 10 in Dodging
 19526 | Lair:2   | Reached XP level 13. HP: 73/73 MP: 9/30
 20446 | Lair:3   | Lost mutation: You occasionally lose the ability to drink
                  | potions when taking damage. [potion of mutation]
 20446 | Lair:3   | Gained mutation: You are frail. (-10% HP) [potion of
                  | mutation]
 20446 | Lair:3   | Gained mutation: You are clumsy. (Dex -2) [potion of
                  | mutation]
 20446 | Lair:3   | Gained mutation: Your muscles are strong. (Str +4, Int/Dex
                  | -1) [potion of mutation]
 20446 | Lair:3   | Lost mutation: You are frail. (-10% HP) [potion of
                  | mutation]
 20447 | Lair:3   | Lost mutation: Your muscles are strong. (Str +4, Int/Dex
                  | -1) [potion of mutation]
 20447 | Lair:3   | Lost mutation: You are clumsy. (Dex -2) [potion of
                  | mutation]
 20447 | Lair:3   | Gained mutation: You occasionally shout uncontrollably at
                  | your foes. [potion of mutation]
 20447 | Lair:3   | Gained mutation: You are weak. (Str -2) [potion of
                  | mutation]
 20447 | Lair:3   | Gained mutation: You are somewhat resistant to further
                  | mutation. [potion of mutation]
 20551 | Lair:3   | Learned a level 8 spell: Ignition
 20861 | Lair:3   | Reached ***** piety under Vehumet
 20901 | Lair:3   | Found a staircase to the Snake Pit.
 20939 | Lair:3   | Offered knowledge of Conjure Ball Lightning by Vehumet.
 20947 | Lair:3   | Learned a level 6 spell: Conjure Ball Lightning
 21118 | Lair:3   | Found a staircase to the Swamp.
 21790 | Lair:4   | Reached skill level 1 in Air Magic
 21987 | Lair:4   | Reached skill level 5 in Shields
 21989 | Lair:4   | Reached skill level 12 in Spellcasting
 22238 | Lair:4   | Found a runed translucent door.
 22238 | Lair:4   | Found a viscous altar of Jiyva.
 22242 | Lair:4   | Found a staircase to the Slime Pits.
 22974 | Lair:5   | Entered Level 5 of the Lair of Beasts
 24329 | Lair:5   | Reached XP level 14. HP: 80/80 MP: 32/32
 24947 | Lair:5   | Offered knowledge of Yara's Violent Unravelling by Vehumet.
 24948 | Lair:5   | Reached skill level 13 in Spellcasting
 24962 | Lair:4   | Reached skill level 10 in Fire Magic
 26209 | D:9      | Killed mcbry74's ghost
 26877 | D:12     | Reached skill level 5 in Air Magic
 27133 | D:12     | Noticed Frances
 27141 | D:12     | Noticed Erolcha
 27142 | D:12     | Killed Frances
 27152 | D:12     | Killed Erolcha
 28134 | D:13     | Identified the +2 short sword of the Apocalypse {vorpal,
                  | rF+ rCorr Str+3}
 28427 | D:13     | Identified the +1 scale mail of the Elephant {rPois Str-3
                  | Int-3 SInv Stlth+}
 28722 | D:13     | Found a shimmering altar of Xom.
 29206 | D:13     | Reached XP level 15. HP: 88/88 MP: 26/34
 29398 | D:14     | Reached skill level 14 in Spellcasting
 30209 | D:14     | Found Yfuani's Island Escapes.
 30328 | D:14     | Noticed Rupert
 30339 | D:14     | Killed Rupert
 30568 | D:14     | Found a gate to the Vaults.
 30721 | D:14     | HP: 1/88 [spore (17)]
 30721 | D:14     | Killed by an exploding ball lightning

Illustrated notes

Levels and vault maps discovered:
D:1:      mainiacjoe_arrival_reflecting_pool, layout_loops_ring,
          hellmonk_ecumenical_altar_zigzags, serial_shops, shop,
          nicolae_lakefront_shop, shop
D:2:      layout_loops_ring, serial_shops, nicolae_diamond_shop, shop
D:3:      layout_basic, mainiacjoe_overflow_chevrons,
          mainiacjoe_overflow_cross_hatched
D:4:      layout_loops_ring, fedhas_altar_decomposition, serial_shops,
          kennysheep_little_box, minivault_5, serial_park_tiny_2,
          minmay_distorted
D:5:      layout_layer_cave, minmay_temple_entry_statues_fountains,
          minmay_between
D:6:      layout_gridville, nzn_hepliaklqana_mist_gate,
          mainiacjoe_overflow_alcove_2, uniq_edmund
D:7:      layout_basic, mainiacjoe_overflow_paths, enter_bailey_2, uniq_joseph
D:8:      layout_loops_ring, grunt_lair_entry_orc_guard_hut,
          kennysheep_another_room
D:9:      layout_long_grid, nicolae_gozag_seed_capital, cheibriados_altar_1,
          nzn_ghost_randoct
D:10:     layout_rooms, lemuel_doored_altar, david_orc_3
D:11:     layout_stronghold, grunt_ministairs_3
D:12:     layout_gridville, uniq_erolcha, uniq_frances
D:13:     layout_basic, xom_teletrap_fun
D:14:     layout_loops_cross, lightli_vaults_fourway_checkpoint,
          minmay_misc_feat_more_columns, nicolae_island_escapes, uniq_rupert
Temple:   oiseaux_autumnal_temple
Lair:1:   layout_roguey, nicolae_lair_run_with_the_wolves
Lair:2:   layout_cellular_growth
Lair:3:   layout_hall_layers, minmay_swamp_entry_swarm,
          guppyfry_snake_entry_garden
Lair:4:   layout_gridlike, slime_entry_2, serial_bayou, serial_bayou_crossing,
          serial_bayou_pond_d, serial_bayou_lake_a, serial_bayou_pond_e,
          chequers_serial_rivers_micro_d, lemuel_old_faithful
Lair:5:   gammafunk_lair_ancient_temple, layout_regular_city, st_stairs_3

Skill      XL: |  1  2  3  4  5  6  7  8  9 10 11 12 13 14 15 |
---------------+----------------------------------------------+-----
Stealth        | 3 4 5 6 9 10 11 12 | 12.0
Dodging        | 3 4 5 6 8 9 10 11 12 | 12.0
Conjurations   | 5 6 7 8 9 10 11 12 13 | 13.2
Short Blades   | 1 2 3 4 6 7 8 |  8.0
Spellcasting   | 4 5 6 9 10 11 12 13 14 | 14.4
Fire Magic     | 2 5 6 7 8 9 10 11 | 11.3
Translocations | 4 5 6 |  6.0
Fighting       | 3 4 5 6 7 8 |  8.1
Shields        | 3 4 5 |  5.0
Air Magic      | 3 5 6 |  6.7

Action                   |  1- 3 |  4- 6 |  7- 9 | 10-12 | 13-15 || total
-------------------------+-------+-------+-------+-------+-------++-------
Melee: Unarmed           |    14 |       |       |       |       ||    14
       Dagger            |       |    15 |       |       |       ||    15
       Quick blade       |       |       |     3 |    56 |    21 ||    80
       Staff             |       |       |       |     1 |     1 ||     2
 Cast: Magic Dart        |    93 |    33 |   133 |    85 |       ||   344
       Searing Ray       |       |    12 |    31 |    12 |       ||    55
       Iskenderun's Myst |       |       |     5 |    25 |    29 ||    59
       Fireball          |       |       |       |   160 |   261 ||   421
       Conjure Ball Ligh |       |       |       |       |     5 ||     5
       Starburst         |       |       |       |       |    38 ||    38
  Use: Scroll            |       |       |    14 |     6 |     6 ||    26
       Potion            |       |       |    11 |       |     4 ||    15
Armor: Robe              |     6 |     3 |       |    23 |    16 ||    48
       Leather armour    |       |       |     8 |       |       ||     8
Dodge: Dodged            |    21 |    29 |    52 |   174 |    90 ||   366
Block: Buckler           |       |       |       |     7 |    31 ||    38
